 Dungeon Crawl Stone Soup version 0.30-a0-58-gc0703345a7 (webtiles) character file.

Game seed: 3888726390517215799

59129 porpoise the Brawler (level 14, -2/148 HPs)
             Began as a Troll Brigand on Sept 12, 2022.
             Was the Champion of Dithmenos.
             Slain by a very large slime creature (40 damage)
             ... on level 13 of the Dungeon.
             The game lasted 01:16:43 (18432 turns).

porpoise the Brawler (Troll Brigand)               Turns: 18432, Time: 01:16:43

Health: -2/148     AC:  7    Str: 28    XL:     14   Next: 52%
Magic:  19/19      EV: 16    Int:  7    God:    Dithmenos [******]
Gold:   1247       SH:  0    Dex: 15    Spells: 13/13 levels left

rFire   . . .      SeeInvis .      - Unarmed
rCold   . . .      Faith    .    (no shield)
rNeg    . . .      Spirit   .    i - +2 troll leather armour
rPois   .          Reflect  .    (helmet restricted)
rElec   .          Harm     .    a - +2 cloak {Will+}
rCorr   .          Rampage  .    (gloves unavailable)
Will    ++...                    (boots unavailable)
Stlth   +++.......               K - amulet of regeneration
HPRegen 2.74/turn                J - +6 ring of strength
MPRegen 0.16/turn                S - +4 ring of evasion

@: corroded, wreathed by umbra
A: large, unfitting armour, claws 3, regeneration 1, shaggy fur 1, tough skin 1
a: Renounce Religion, Shadow Step, Shadow Form


You were on level 13 of the Dungeon.
You worshipped Dithmenos.
Dithmenos was exalted by your worship.
You visited 3 branches of the dungeon, and saw 19 of its levels.

You collected 1259 gold pieces.
You spent 12 gold pieces at shops.

Inventory:

Hand Weapons
 k - the +8 scimitar "No More Talking" {flame, rElec}
   (You found it on level 2 of the Lair of Beasts)

   It burns those it strikes, dealing additional fire damage.
   Big, fiery blades are also staple armaments of hydra-hunters.
   rElec:     It insulates you from electricity.
Missiles
 d - 55 poisoned darts
 x - 2 curare-tipped darts
 y - 9 large rocks (quivered)
 U - 4 atropa-tipped darts
Armour
 a - a +2 cloak of willpower (worn)
 i - a +2 troll leather armour (worn)
Jewellery
 J - a +6 ring of strength (left claw)
 K - an amulet of regeneration (around neck)
 L - a ring of see invisible
 S - a +4 ring of evasion (right claw)
Wands
 f - a wand of paralysis (7)
 q - a wand of polymorph (14)
 B - a wand of digging (2)
 C - a wand of flame (43)
 V - a wand of iceblast (4)
Scrolls
 b - a scroll of enchant weapon
 e - a scroll of enchant armour
 g - a scroll of blinking
 j - 2 scrolls of fear
 o - a scroll of amnesia
 p - a scroll of silence
 r - a scroll of summoning
 s - 3 scrolls of fog
 v - 4 scrolls of poison
 F - 2 scrolls of magic mapping
 O - 3 scrolls of vulnerability
 T - 3 scrolls of teleportation
 X - 2 scrolls of identify
Potions
 c - 3 potions of flight
 h - 2 potions of lignification
 l - 5 potions of curing
 m - 5 potions of heal wounds
 n - 2 potions of haste
 t - 3 potions of cancellation
 u - 2 potions of ambrosia
 w - 2 potions of magic
 z - 6 potions of attraction
 A - 3 potions of resistance
 D - a potion of berserk rage
 N - 3 potions of mutation
 P - 3 potions of might
Miscellaneous
 G - a phial of floods
 Y - a box of beasts (inert)


   Skills:
 + Level 11.7 Fighting
 - Level 1.5 Short Blades
 - Level 6.0 Throwing
 + Level 7.0 Dodging
 - Level 2.1 Stealth
 - Level 16.0 Unarmed Combat
 + Level 8.4 Invocations
 - Level 5.0 Evocations


You had 13 spell levels left.
You didn't know any spells.
Your spell library contained the following spells:

 Spells                   Type           Power      Damage    Failure   Level
 Freeze                   Ice            0%         1d3       45%         1
 Necrotise                Necr           0%         1d4       45%         1
 Shock                    Conj/Air       0%         1d3       45%         1
 Slow                     Hex            0%         N/A       45%         1
 Poisonous Vapours        Pois/Air       0%         N/A       61%         2
 Confusing Touch          Hex            0%         N/A       83%         3
 Frozen Ramparts          Ice            0%         1d1       83%         3
 Gell's Gravitas          Tloc           0%         N/A       83%         3
 Ozocubu's Armour         Ice            0%         N/A       83%         3
 Portal Projectile        Hex/Tloc       0%         N/A       83%         3
 Summon Guardian Golem    Hex/Summ       0%         N/A       83%         3
 Swiftness                Air            0%         N/A       83%         3
 Teleport Other           Tloc           0%         N/A       83%         3
 Tukima's Dance           Hex            0%         N/A       83%         3
 Vampiric Draining        Necr           0%         2d6       83%         3
 Airstrike                Air            0%         2d(0-16)  99%         4
 Animate Dead             Necr           0%         N/A       99%         4
 Corpse Rot               Necr/Pois/Air  0%         N/A       99%         4
 Hailstorm                Conj/Ice       0%         3d3       99%         4
 Agony                    Necr           0%         N/A       100%        5
 Blade Hands              Tmut           0%         N/A       100%        5
 Irradiate                Conj/Tmut      0%         3d11      100%        5
 Metabolic Englaciation   Hex/Ice        0%         N/A       100%        5
 Summon Mana Viper        Hex/Summ       0%         N/A       100%        5
 Dispersal                Tloc           0%         N/A       100%        6
 Simulacrum               Ice/Necr       0%         N/A       100%        6
 Dragon Form              Tmut           0%         N/A       100%        7
 Haunt                    Necr/Summ      0%         N/A       100%        7
 Orb of Destruction       Conj           0%         9d5       100%        7
 Spellforged Servitor     Conj/Summ      0%         N/A       100%        7
 Ignition                 Fire           0%         3d3       100%        8
 Infestation              Necr           0%         N/A       100%        8


Dungeon Overview and Level Annotations

Branches:
Dungeon (13/15)            Temple (1/1) D:5            Lair (5/5) D:9
  Swamp (0/4) Lair:3        Snake (0/4) Lair:2        Slime (0/5) Lair:5
    Orc (0/2) D:10
 Vaults: D:13-14

Altars:
Ashenzari
Cheibriados
Dithmenos
Elyvilon
Fedhas
Gozag
Hepliaklqana
Kikubaaqudgha
Makhleb
Nemelex Xobeh
Okawaru
Qazlal
Ru
Sif Muna
Trog
Uskayaw
Vehumet
Wu Jian
Xom
Yredelemnul
Zin
The Shining One

Shops:
D:8 *

Annotations:
Lair:3 1 runed translucent door, Paumuiqi's ghost, journeyman DjCj
Lair:5 3 runed translucent doors, KittyKat's ghost, journeyman DsNe; kairosrom117's ghost, journeyman DrFE


Innate Abilities, Weirdness & Mutations

You are too large for most types of armour.
You have claws for hands.
Your natural rate of healing is unusually fast.
You are covered in fur. (AC +1)
You have tough skin. (AC +1)


Message History

The slime creature is almost dead.
The slime creature hits you! x2
You mangle the slime creature!!
You kill the slime creature!
Dithmenos accepts your kill.
Two slime creatures merge to form a large slime creature.
The slime creature hits you but does no damage.
You mangle the large slime creature!!
The large slime creature is moderately wounded.
You scratch the large slime creature.
The large slime creature is moderately wounded.
The slime creature misses you. The large slime creature misses you.
Two slime creatures merge to form a very large slime creature.
The slime creature hits you!
You scratch the very large slime creature but do no damage.
The very large slime creature is moderately wounded.
Your shadow barely misses the very large slime creature.
The slime creature completely misses you.
The slime creature hits you but does no damage.
You mangle the very large slime creature!!
The very large slime creature is moderately wounded.
Your shadow hits the very large slime creature.
The slime creature completely misses you.
The slime creature hits you but does no damage.
You barely miss the very large slime creature.
The very large slime creature is heavily wounded.
Your shadow hits the very large slime creature.
You mangle the very large slime creature!!
The very large slime creature is severely wounded.
Your shadow hits the very large slime creature.
The very large slime creature hits you!!!
You emit a cloud of dark smoke.
The slime creature closely misses you. The slime creature hits you!
You hear a howl! x2
You eviscerate the very large slime creature!!!
The very large slime creature is almost dead.
The slime creature hits you!
* * * LOW HITPOINT WARNING * * *
The very large slime creature hits you!!!
You die...

....... ...
.......#..##
.......#...
.....}.#..#
...>...#..#
(.........#
..(...J§§.#
......J@§.######
......J#§.......
.......#<.......
.......#...####.
####...#...#
##..#...#
#..#...#
#......# ##..#


You could see a very large slime creature and 2 slime creatures.

Vanquished Creatures
  A dire elephant (Lair:5)
  4 hydras
  Harold (Lair:1)
  A boulder beetle (D:11)
  A two-headed ogre (D:12)
  8 death yaks
  A catoblepas (Lair:5)
  A sixfirhy (D:11)
  Pikel (D:6)
  A wolf spider (Lair:5)
  2 lindwurms (Lair:5)
  4 manticores
  3 cyclopes
  9 elephants (Lair:5)
  2 black mambas
  Joseph (D:8)
  A smoke demon (D:11)
  A gargoyle (D:10)
  3 torpor snails
  Psyche (D:12)
  10 cane toads
  An orange demon (D:11)
  3 rime drakes
  Maggie (D:8)
  7 komodo dragons
  A red devil (D:11)
  16 polar bears
  4 trolls
  2 hornets
  Grinder (D:6)
  9 dream sheep (Lair:5)
  6 raiju (Lair:5)
  21 blink frogs
  A slime creature (D:13)
  2 shadows
  2 vampires (D:12)
  2 wyverns
  A steam dragon (D:7)
  43 yaks
  5 basilisks
  A wraith (D:9)
  4 wargs (Lair:5)
  Edmund (D:5)
  3 acid dragons
  2 nagas (Lair:2)
  10 water moccasins
  13 hell hounds
  2 sky beasts (D:8)
  12 black bears
  An orc warrior (D:10)
  35 wolves
  4 boggarts (Lair:5)
  2 phantoms (D:10)
  10 centaurs
  3 kobold brigands
  9 bullfrogs
  A gnoll sergeant (D:12)
  2 necrophages
  4 scorpions
  4 wights (D:9)
  2 troll zombies (D:10)
  20 killer bees
  An electric eel (Lair:5)
  A howler monkey (D:10)
  3 quasits (D:11)
  3 jellies
  2 gnoll boudas
  7 orc priests
  4 hounds
  2 iguanas (D:6)
  11 orc wizards
  6 ogre zombies (D:10)
  9 gnolls
  9 adders
  4 shadow imps
  3 white imps
  A worm (D:2)
  3 dart slugs
  31 orcs
  16 ball pythons
  7 bats
  14 endoplasms
  2 giant cockroaches
  5 goblins
  8 hobgoblins
  4 jackals (D:1)
  22 kobolds
  2 quokkas
  3 goblin skeletons (D:10)
  3 goblin zombies (D:10)
  2 hobgoblin zombies (D:10)
  2 orc skeletons (D:10)
  15 orc zombies (D:10)
  10 rats
545 creatures vanquished.

Vanquished Creatures (others)
  5 demonic plants (D:11)
  25 fungi
  35 plants
65 creatures vanquished.

Grand Total: 610 creatures vanquished

Notes
Turn   | Place    | Note
-------+----------+-------------------------------------------
     0 | D:1      | porpoise the Troll Brigand began the quest for the Orb.
     0 | D:1      | Reached XP level 1. HP: 19/19 MP: 0/0
    55 | D:1      | Reached skill level 1 in Unarmed Combat
    97 | D:1      | Reached XP level 2. HP: 25/28 MP: 1/1
   214 | D:1      | You fall into a shaft and drop 1 floor!
   278 | D:2      | Found an opulent altar of Gozag.
   346 | D:2      | Reached skill level 2 in Unarmed Combat
   382 | D:2      | Reached XP level 3. HP: 35/35 MP: 2/2
   575 | D:1      | Found a faded altar of an unknown god.
  1153 | D:2      | Identified the +10 rapier of Intuition {pain, Contam Drain
                  | rElec rF+++}
  1413 | D:3      | Reached skill level 3 in Unarmed Combat
  1413 | D:3      | Reached XP level 4. HP: 42/44 MP: 3/3
  1786 | D:3      | Found a broken altar of Ashenzari.
  2126 | D:4      | Noticed a necrophage
  2134 | D:4      | Killed a necrophage
  2135 | D:4      | Reached skill level 4 in Unarmed Combat
  2135 | D:4      | Reached XP level 5. HP: 52/52 MP: 4/4
  2241 | D:4      | Reached XP level 6. HP: 53/61 MP: 5/5
  2331 | D:4      | Reached skill level 5 in Unarmed Combat
  3060 | D:5      | Entered Level 5 of the Dungeon
  3060 | D:5      | Noticed Edmund
  3069 | D:5      | Killed Edmund
  3070 | D:5      | Reached skill level 6 in Unarmed Combat
  3070 | D:5      | Reached XP level 7. HP: 60/68 MP: 6/6
  3417 | D:5      | Found a staircase to the Ecumenical Temple.
  3434 | Temple   | Entered the Ecumenical Temple
  3625 | Temple   | Became a worshipper of Dithmenos the Shadowed
  3720 | D:5      | Found an opulent altar of Gozag.
  3724 | D:5      | Found an ancient bone altar of Kikubaaqudgha.
  3855 | D:5      | Found a sacrificial altar of Ru.
  4349 | D:6      | Noticed Pikel
  4364 | D:6      | Killed Pikel
  4365 | D:6      | Reached skill level 7 in Unarmed Combat
  4365 | D:6      | Reached XP level 8. HP: 18/79 MP: 7/7
  4367 | D:6      | Reached skill level 8 in Unarmed Combat
  4369 | D:6      | Reached skill level 5 in Fighting
  4832 | D:6      | Noticed Grinder
  4838 | D:6      | Paralysed by Grinder for 4 turns
  4848 | D:6      | Killed Grinder
  4979 | D:6      | Reached skill level 9 in Unarmed Combat
  5400 | D:6      | Found a bloodstained altar of Trog.
  5711 | D:7      | Reached XP level 9. HP: 57/89 MP: 8/8
  6199 | D:7      | Reached skill level 10 in Unarmed Combat
  6367 | D:7      | Found a hazy altar of Hepliaklqana.
  7200 | D:8      | Noticed Maggie
  7218 | D:8      | Killed Maggie
  7222 | D:8      | Reached * piety under Dithmenos
  7617 | D:8      | Reached skill level 11 in Unarmed Combat
  7703 | D:8      | Found Yhibetil's CLEARANCE SALE!.
  7711 | D:8      | Bought a scroll of identify for 12 gold pieces
  7778 | D:8      | Found a basalt altar of Yredelemnul.
  7800 | D:8      | Noticed Joseph
  7810 | D:8      | Killed Joseph
  8250 | D:9      | Found a staircase to the Lair.
  8276 | D:9      | Reached skill level 1 in Dodging
  8276 | D:9      | Reached XP level 10. HP: 102/102 MP: 9/9
  8402 | D:9      | Found a stormy altar of Qazlal.
  8601 | D:9      | Reached skill level 12 in Unarmed Combat
  8664 | D:9      | Reached ** piety under Dithmenos
  9052 | D:10     | Entered Level 10 of the Dungeon
  9495 | D:10     | Found a staircase to the Orcish Mines.
  9502 | D:10     | Reached *** piety under Dithmenos
  9629 | D:10     | Noticed a manticore
  9652 | D:10     | Reached skill level 13 in Unarmed Combat
  9796 | D:10     | Killed a manticore
  9970 | D:10     | Noticed a gargoyle
  9977 | D:10     | Killed a gargoyle
  9978 | D:10     | Reached skill level 5 in Dodging
 10103 | D:10     | Reached **** piety under Dithmenos
 10400 | Lair:1   | Entered Level 1 of the Lair of Beasts
 10432 | Lair:1   | Reached XP level 11. HP: 102/109 MP: 10/10
 10625 | Lair:1   | Noticed Harold
 10636 | Lair:1   | Killed Harold
 10646 | Lair:1   | Noticed a seven-headed hydra
 10678 | Lair:1   | Killed a seven-headed hydra
 10679 | Lair:1   | Reached skill level 14 in Unarmed Combat
 10834 | Lair:1   | Reached skill level 1 in Invocations
 11340 | Lair:1   | Reached skill level 1 in Evocations
 11786 | Lair:2   | Identified the +8 scimitar "No More Talking" {flame, rElec}
 12108 | Lair:2   | Reached XP level 12. HP: 118/119 MP: 12/14
 12167 | Lair:2   | Found a staircase to the Snake Pit.
 12869 | Lair:3   | Found a staircase to the Swamp.
 13114 | Lair:3   | Identified the +6 arbalest of True Grit {elec, Fragile rF+
                  | rN+}
 13241 | Lair:3   | Reached skill level 5 in Invocations
 13415 | Lair:3   | Noticed a death yak
 13416 | Lair:3   | Noticed a death yak
 13417 | Lair:3   | Noticed a seven-headed hydra
 13558 | Lair:2   | Killed a death yak
 13581 | Lair:2   | Killed a death yak
 13589 | Lair:2   | Killed a two-headed hydra
 13749 | Lair:3   | Found a runed translucent door.
 13750 | Lair:3   | Noticed Paumuiqi's ghost (journeyman DjCj)
 14199 | Lair:4   | Reached ***** piety under Dithmenos
 14503 | Lair:4   | Reached skill level 5 in Evocations
 14971 | Lair:5   | Entered Level 5 of the Lair of Beasts
 14971 | Lair:5   | Found a sparkling altar of Nemelex Xobeh.
 14990 | Lair:5   | Noticed a four-headed hydra
 14993 | Lair:5   | Reached skill level 5 in Throwing
 15003 | Lair:5   | Killed a one-headed hydra
 15004 | Lair:5   | Reached XP level 13. HP: 63/132 MP: 15/15
 15669 | Lair:5   | Reached skill level 10 in Fighting
 16070 | Lair:5   | Reached ****** piety under Dithmenos
 16113 | Lair:5   | Reached skill level 15 in Unarmed Combat
 16346 | Lair:5   | Found a runed translucent gate.
 16347 | Lair:5   | Found a runed translucent gate.
 16459 | Lair:5   | Noticed a dire elephant
 16477 | Lair:5   | Killed a dire elephant
 16478 | Lair:5   | Reached XP level 14. HP: 99/146 MP: 18/18
 16886 | Lair:5   | Found a runed translucent gate.
 16887 | Lair:5   | Noticed KittyKat's ghost (journeyman DsNe)
 16888 | Lair:5   | Noticed kairosrom117's ghost (journeyman DrFE)
 16897 | Lair:5   | Found a staircase to the Slime Pits.
 17874 | D:12     | Identified the +3 scale mail of the Moon {rPois Regen+
                  | Stlth-}
 18113 | D:12     | Got Sif Muna's Folio of the Called Arsonist
 18141 | D:12     | Noticed Psyche
 18143 | D:12     | Killed Psyche
 18363 | D:12     | Reached skill level 16 in Unarmed Combat
 18432 | D:13     | Slain by a very large slime creature

Illustrated notes

Levels and vault maps discovered:
D:1:      saegor_arrival_simple_a, layout_loops_cross,
          shapermc_ecumenical_altar_notcrosses
D:2:      layout_basic, basic_altar
D:3:      layout_loops_ring, mainiacjoe_overflow_24_doors
D:4:      layout_rooms, minmay_snake_closets
D:5:      layout_loops_corners, nicolae_overflow_hidden_temple, minitemple,
          minmay_temple_entry_offerings, uniq_edmund
D:6:      layout_basic, lightli_temple_of_fire, kennysheep_nub,
          palyth_stone_intersect, uniq_pikel, uniq_grinder
D:7:      layout_basic, mainiacjoe_overflow_paths, nicolae_underground_beach
D:8:      layout_rooms, yredelemnul_altar_generic, nicolae_shop_clearance,
          uniq_maggie, uniq_joseph
D:9:      layout_irregular_city, nicolae_qazlal_scattered_showers,
          lair_entry_dummy
D:10:     layout_irregular_city, zombieorc2_lemuel, minmay_between
D:11:     layout_rooms, serial_demonic, serial_demonic_b, serial_demonic_a,
          serial_demonic_c, serial_demonic_b, chequers_serial_rivers_room_b
D:12:     layout_gridville, grunt_ministairs_3, uniq_psyche
D:13:     evilmike_diamond_2, layout_long_grid, david_vaults_5, serial_glass,
          glass_columns_c, glass_columns_a, minmay_liquid_box
Temple:   nicolae_temple_bog_church
Lair:1:   layout_regular_city, infiniplex_staircase_pool_2, uniq_harold
Lair:2:   layout_layer_cave, guppyfry_snake_entry_garden
Lair:3:   layout_regular_city, swamp_mist, ebering_ghost_inner_flame,
          enter_volcano_3, minivault_11, hangedman_lair_generics_rect
Lair:4:   wander_river, layout_regular_city
Lair:5:   hangedman_lair_caniforms_friends, layout_hall_layers,
          hangedman_lair_in_review, nicolae_slime_entry_slimehenge, basic_altar,
          gammafunk_ghost_cemetery, nicolae_quartered_pool_medium, minivault_23,
          kilobyte_rumbling_trees

Skill      XL: |  1  2  3  4  5  6  7  8  9 10 11 12 13 14 |
---------------+-------------------------------------------+-----
Unarmed Combat | 1 2 3 4 6 7 9 11 13 14 15 16 | 16.0
Fighting       | 2 3 4 5 7 8 9 11 | 11.7
Dodging        | 1 5 7 |  7.0
Invocations    | 4 5 7 8 |  8.4
Evocations     | 2 5 |  5.0
Throwing       | 5 6 |  6.0
Short Blades   | |  1.5
Stealth        | |  2.1

Action                   |  1- 3 |  4- 6 |  7- 9 | 10-12 | 13-15 || total
-------------------------+-------+-------+-------+-------+-------++-------
Melee: Unarmed           |    82 |   148 |   231 |   529 |   540 ||  1530
       Punch             |     1 |     3 |    12 |    40 |    62 ||   118
       Dire flail        |       |       |       |     4 |       ||     4
       Scimitar          |       |       |       |    13 |     3 ||    16
 Fire: Sling             |    33 |    21 |    20 |    44 |    15 ||   133
Throw: Dart              |       |     4 |    45 |    91 |    57 ||   197
       Boomerang         |       |       |       |     4 |       ||     4
       Large rock        |       |       |       |     1 |    10 ||    11
Evoke: Wand              |       |       |     1 |     5 |    12 ||    18
       Phial of floods   |       |       |       |     2 |       ||     2
       Box of beasts     |       |       |       |       |     1 ||     1
  Use: Scroll            |       |     6 |    13 |     9 |     3 ||    31
       Potion            |       |       |     2 |     1 |     2 ||     5
 Stab: Sleeping          |     6 |     9 |     3 |     3 |     3 ||    24
       Distracted        |       |       |       |     1 |       ||     1
Armor: Robe              |    23 |       |       |       |       ||    23
       Troll leather arm |    11 |    75 |   130 |   123 |   175 ||   514
Dodge: Dodged            |    48 |    40 |   116 |   326 |   490 ||  1020

Table legend: (Time is in decaauts)
 A = Elapsed time spent in this place.
 B = Non-inter-level travel time spent in this place.
 C = Inter-level travel time spent in this place.
 D = Time resting spent in this place.
 E = Time spent auto-exploring this place.
 F = Levels seen in this place.
 G = Mean time per level.
                   A        B        C        D        E       F      G
               +--------+--------+--------+--------+--------+-----+--------+
         Total |  18123 |  17297 |    826 |   3070 |  10243 |  19 |  953.8 |
       Dungeon |  11253 |  10813 |    440 |   2270 |   6303 |  13 |  865.6 |
        Temple |    209 |    174 |     35 |      0 |    160 |   1 |  209.0 |
          Lair |   6660 |   6310 |    350 |    800 |   3780 |   5 | 1332.0 |
               +--------+--------+--------+--------+--------+-----+--------+

Top non-repeatable levels by time:
  Lair:5: 1920 daAuts
  Lair:2: 1462 daAuts
     D:6: 1421 daAuts
     D:7: 1391 daAuts
  Lair:1: 1319 daAuts
    D:10: 1298 daAuts
     D:9: 1040 daAuts
  Lair:4: 1013 daAuts
     D:5: 997 daAuts
     D:4: 951 daAuts
  Lair:3: 945 daAuts
     D:8: 943 daAuts
     D:1: 703 daAuts
     D:2: 701 daAuts
     D:3: 691 daAuts
